 Dungeon Sprint DCSS version 0.30-a0-39-g42789b21ef (webtiles) character file.

Game seed: 564890104739380481

558 mhtbhm the Thaumaturge (level 7, -19/36 HPs)
             Began as a Deep Elf Earth Elementalist on Aug 28, 2022.
             Was an Initiate of Vehumet.
             Killed from afar by an acid dragon (39 damage)
             ... with a splash of acid
             ... in the Dungeon (Sprint IX: "|||||||||||||||||||||||||||||").
             The game lasted 00:01:30 (529 turns).

mhtbhm the Thaumaturge (Deep Elf Earth Elementalist) Turns: 529, Time: 00:01:32

Health: -19/36     AC:  3    Str:  8    XL:     7   Next: 9%
Magic:  4/25       EV: 15    Int: 25    God:    Vehumet [......]
Gold:   0          SH:  0    Dex: 15    Spells: 21/31 levels left

rFire   . . .      SeeInvis .    l - +2 rapier (venom)
rCold   . . .      Faith    .    (no shield)
rNeg    . . .      Spirit   .    a - +0 robe
rPois   .          Reflect  .    (no helmet)
rElec   .          Harm     .    (no cloak)
rCorr   .          Rampage  .    (no gloves)
Will    .....      NoTele   +    k - +0 pair of boots
Stlth   +++.......               (no amulet)
HPRegen 0.12/turn                m - +3 ring of intelligence
MPRegen 0.19/turn                n - +3 ring of strength

@: no status effects
A: no striking features
a: Renounce Religion


You were in the Dungeon.
You worshipped Vehumet.
Vehumet was noncommittal.
You visited 1 branch

Inventory:

Hand Weapons
 l - a +2 rapier of venom (weapon)
Armour
 a - a +0 robe (worn)
 j - a +0 pair of gloves
 k - a +0 pair of boots (worn)
Jewellery
 m - a +3 ring of intelligence (left hand)
 n - a +3 ring of strength (right hand)
Wands
 i - a wand of iceblast (9)
Scrolls
 g - 2 scrolls of blinking
 h - 2 scrolls of amnesia
Potions
 b - 4 potions of magic
 c - 5 potions of curing
 d - 2 potions of heal wounds
 e - a potion of invisibility
 f - a potion of berserk rage


   Skills:
 + Level 6.1 Dodging
 + Level 5.0 Stealth
 + Level 12.6 Spellcasting
 + Level 0.4 Conjurations
 + Level 1.1 Transmutations
 + Level 11.8 Earth Magic


You had 21 spell levels left.
You knew the following spells:

 Your Spells              Type           Power      Damage    Failure   Level
a - Sandblast             Erth           100%       2d20      1%          1
b - Passwall              Tmut/Erth      40%        N/A       1%          2
c - Stone Arrow           Conj/Erth      92%        3d12      1%          3
d - Petrify               Tmut/Erth      48%        N/A       2%          4

Your spell library contained the following spells:

 Spells                   Type           Power      Damage    Failure   Level


Dungeon Overview and Level Annotations

Branches:
Dungeon (1/1)

Altars:
Cheibriados
Dithmenos
Elyvilon
Fedhas
Gozag
Hepliaklqana
Kikubaaqudgha
Makhleb
Nemelex Xobeh
Okawaru
Qazlal
Ru
Sif Muna
Trog
Uskayaw
Vehumet
Wu Jian
Xom
Yredelemnul
Zin
The Shining One
Jiyva
Lugonu


Message History

Casting: Sandblast (safe; 1% risk of failure)
Confirm with . or Enter, or press ? or * to list all spells.
Okay, then.
Casting: Sandblast (safe; 1% risk of failure)
Confirm with . or Enter, or press ? or * to list all spells.
Aiming: Stone Arrow (safe; 1% risk of failure)
Press: ? - help, Shift-Dir - straight line, f/p - wraith
Aim: a wraith (lightly damaged, 76% to hit)
The stone arrow hits the wraith!!
The wraith is severely damaged.
The wraith hits you but does no damage.
Unknown command.
Unknown command.
Casting: Stone Arrow (safe; 1% risk of failure)
Confirm with . or Enter, or press ? or * to list all spells.
Aiming: Stone Arrow (safe; 1% risk of failure)
Press: ? - help, Shift-Dir - straight line, f/p - wraith
Aim: a wraith (severely damaged, 76% to hit)
The stone arrow hits the wraith!!
You destroy the wraith!
Vehumet accepts your kill.
Your Dodging skill increases to level 6!
Your Stealth skill increases to level 5!
Your Spellcasting skill increases to level 12!
You have reached level 7!
Casting: Stone Arrow (safe; 1% risk of failure)
Confirm with . or Enter, or press ? or * to list all spells.
Aiming: Sandblast (safe; 1% risk of failure)
Press: ? - help, Shift-Dir - straight line, f - acid dragon
Aim: an acid dragon (85% to hit)
The blast of sand hits the acid dragon!
The acid dragon is moderately wounded.
The shadow slips into darkness.
The shadow flickers and vanishes!
Deactivating autopickup; reactivate with Ctrl-A.
The acid dragon bites you. The acid dragon claws you.
The acid dragon spits acid at you. The splash of acid hits you!!!
Ouch! That really hurt!
You die...

▓.▓
▓.▓
▓.▓
▓{▓
▓z▓
▓9▓
▓D▓
▓@▓
▓.▓
▓[▓
▓.▓
▓.▓
▓.▓
▓)▓
▓.▓
▓.▓


You could see an acid dragon (catching breath), a gargoyle and a wight.

Vanquished Creatures
  A yak (D)
  A wraith (D)
  An ogre (D)
  A necrophage (D)
  A gnoll sergeant (D)
  An iguana (D)
  An ufetubus (D)
  A dart slug (D)
  2 ball pythons (D)
  A goblin (D)
  A hobgoblin (D)
12 creatures vanquished.

Notes
Turn   | Place    | Note
-------+----------+-------------------------------------------
     0 | D        | mhtbhm the Deep Elf Earth Elementalist began the quest for
                  | the Orb.
     0 | D        | Reached XP level 1. HP: 10/10 MP: 6/6
   237 | D        | Reached XP level 2. HP: 15/15 MP: 3/8
   281 | D        | Noticed a gnoll sergeant
   281 | D        | Noticed an ogre
   281 | D        | Noticed a necrophage
   296 | D        | Killed a necrophage
   297 | D        | Reached skill level 6 in Spellcasting
   297 | D        | Reached XP level 3. HP: 7/19 MP: 3/12
   297 | D        | Reached XP level 4. HP: 9/24 MP: 3/14
   298 | D        | Killed an ogre
   299 | D        | Reached skill level 8 in Spellcasting
   299 | D        | Reached XP level 5. HP: 11/28 MP: 1/18
   302 | D        | Reached skill level 9 in Spellcasting
   304 | D        | Reached skill level 5 in Dodging
   304 | D        | Reached skill level 10 in Spellcasting
   319 | D        | Found a snail-covered altar of Cheibriados.
   319 | D        | Found a shadowy altar of Dithmenos.
   319 | D        | Found a white marble altar of Elyvilon.
   319 | D        | Found a blossoming altar of Fedhas.
   319 | D        | Found an opulent altar of Gozag.
   320 | D        | Found a hazy altar of Hepliaklqana.
   321 | D        | Found a viscous altar of Jiyva.
   322 | D        | Found an ancient bone altar of Kikubaaqudgha.
   323 | D        | Found a corrupted altar of Lugonu.
   324 | D        | Found a burning altar of Makhleb.
   325 | D        | Found a sparkling altar of Nemelex Xobeh.
   326 | D        | Found an iron altar of Okawaru.
   327 | D        | Found a stormy altar of Qazlal.
   328 | D        | Found a sacrificial altar of Ru.
   329 | D        | Found a shimmering blue altar of Sif Muna.
   330 | D        | Found a bloodstained altar of Trog.
   331 | D        | Found a hide-covered altar of Uskayaw.
   332 | D        | Found a radiant altar of Vehumet.
   333 | D        | Found an ornate altar of the Wu Jian Council.
   334 | D        | Found a shimmering altar of Xom.
   335 | D        | Found a basalt altar of Yredelemnul.
   336 | D        | Found a glowing silver altar of Zin.
   337 | D        | Found a glowing golden altar of the Shining One.
   340 | D        | Became a worshipper of Vehumet
   509 | D        | Learned a level 2 spell: Passwall
   513 | D        | Learned a level 3 spell: Stone Arrow
   518 | D        | Learned a level 4 spell: Petrify
   518 | D        | Noticed a shadow
   518 | D        | Noticed a gargoyle
   518 | D        | Noticed an acid dragon
   518 | D        | Noticed a wraith
   518 | D        | Noticed a yak
   523 | D        | Killed a yak
   524 | D        | Reached skill level 11 in Spellcasting
   524 | D        | Reached XP level 6. HP: 14/32 MP: 11/22
   528 | D        | Killed a wraith
   529 | D        | Reached skill level 5 in Stealth
   529 | D        | Reached skill level 12 in Spellcasting
   529 | D        | Reached XP level 7. HP: 26/36 MP: 4/25
   529 | D        | Killed from afar by an acid dragon

Illustrated notes

Levels and vault maps discovered:
D:        linesprint [early_d, line_temple, items_1, d_10, items_2, lair_1,
          lair_end, items_3, orc_1, orc_end, items_4, d_15, swamp_1, shoals_1,
          snake_1, spider_1, d_20, vaults_1, items_5, swamp_end, shoals_end,
          snake_end, spider_end, vaults_end, d_27, items_6, zot_1, zot_end,
          crypt_end, forest_end, elf_end, slime_end, tomb_end, abyss_end,
          pan_hell_end]

Skill      XL: |  1  2  3  4  5  6 |
---------------+-------------------+-----
Earth Magic    | 4 7 8 11 | 11.8
Dodging        | 3 4 5 6 |  6.1
Stealth        | 3 4 5 |  5.0
Spellcasting   | 6 8 11 12 | 12.6
Conjurations   | |  0.4
Transmutations | |  1.1

Action                   |  1- 3 |  4- 6 |  7- 9 || total
-------------------------+-------+-------+-------++-------
 Cast: Sandblast         |    14 |    11 |     1 ||    26
       Stone Arrow       |       |     4 |       ||     4
Evoke: Wand              |       |     1 |       ||     1
  Use: Potion            |     1 |     2 |       ||     3
Armor: Robe              |       |     4 |       ||     4
Dodge: Dodged            |     2 |     8 |       ||    10

Table legend: (Time is in decaauts)
 A = Elapsed time spent in this place.
 B = Non-inter-level travel time spent in this place.
 C = Inter-level travel time spent in this place.
 D = Time resting spent in this place.
 E = Time spent auto-exploring this place.
 F = Levels seen in this place.
 G = Mean time per level.
                   A        B        C        D        E       F      G
               +--------+--------+--------+--------+--------+-----+--------+
         Total |    525 |    525 |      0 |    388 |      3 |   1 |  525.0 |
       Dungeon |    525 |    525 |      0 |    388 |      3 |   1 |  525.0 |
               +--------+--------+--------+--------+--------+-----+--------+

Top non-repeatable levels by time:
       D: 525 daAuts
